 Dungeon Crawl Stone Soup version bcrawl-1.40.3b (webtiles) character file.

Game seed: 17246029292656778691

181122 Amelense the Cudgeler (level 6, 0/65 HPs)
             Began as an Ent Fighter on Feb 9, 2024.
             Slain by an orc priest
             ... wielding a +0 short sword
              (1 damage)
             ... on level 4 of the Dungeon.
             The game lasted 00:10:48 (2886 turns).

Amelense the Cudgeler (Ent Fighter)                 Turns: 2886, Time: 00:10:49

Health: 0/65       AC: 15    Str: 25    XL:     6   Next: 16%
Magic:  6/6        EV: 13    Int:  9    God:
Gold:   275        SH:  9    Dex: 14    Spells: 5/5 levels left

rFire    . . .     GDR:     34% a - +0 flail
rCold    . . .     SeeInvis .   b - +0 medium shield
rNeg     + + +     Gourm    .   (armour unavailable)
rPois    +         Faith    .   (helmet restricted)
rElec    .         Spirit   .   j - +1 cloak
rCorr    .         Reflect  .   (gloves unavailable)
MR       .....                  (boots unavailable)
Stlth    ++........             w - amulet of rage
HPRegen  0.20/turn              (no ring)
MPRegen  0.10/turn              (no ring)

@: agile, very slow
A: large, slow actions, passwall, strong branches, negative energy resistance 3,
poison resistance, slow metabolism 1, torment resistance, unbreathing, AC +13
a: Passwall, Evoke Berserk Rage


You were on level 4 of the Dungeon.
You were hungry.

You visited 1 branch of the dungeon, and saw 4 of its levels.

You collected 275 gold pieces.

Inventory:

Hand Weapons
 a - a +0 flail (weapon)
Missiles
 t - a throwing net {=f}
Armour
 b - a +0 medium shield (worn)
 j - a +1 cloak (worn)
Jewellery
 l - an uncursed ring of positive energy
 o - an uncursed amulet of magic regeneration
 p - an uncursed ring of teleportation
 w - an amulet of rage (around neck)
Wands
 y - a wand of iceblast (9)
Scrolls
 f - 2 scrolls of teleportation
 g - 2 scrolls of fear {unknown}
 i - 5 scrolls of identify
 k - 2 scrolls of immolation {unknown}
 n - 2 scrolls of remove curse
 r - a scroll of blinking {unknown}
 s - a scroll of amnesia {unknown}
 u - a scroll of fog {unknown}
Potions
 c - a potion of heal wounds {unknown}
 d - a potion of agility
 h - a potion of haste {unknown}
 m - 2 potions of mutation {unknown}
 q - 2 potions of invisibility {unknown}
 v - 2 potions of curing {unknown}
Comestibles
 e - 5 rations {!d}


   Skills:
 - Level 3.2 Fighting
 * Level 7.9 Maces & Flails
 - Level 2.6 Dodging
 - Level 2.4 Shields


You had 5 spell levels left.
You didn't know any spells.
Your spell library was empty.

Dungeon Overview and Level Annotations

Branches:
Dungeon (4/12)
 Temple: D:4-7

Altars:
Trog

Annotations:
D:4 Robin


Innate Abilities, Weirdness & Mutations

You move and act slowly.
You can pass through walls and trees.
Your branches can wield two-handed weapons with a shield.
Your thick bark is tough. (AC +13)
You are too large for most types of armour.
You are immune to negative energy. (rN+++)
Your system is resistant to poisons. (rPois)
You have a slow metabolism.
You are immune to unholy pain and torment.
You can survive without breathing.


Message History

Beogh smites you!
The orc priest mumbles some strange prayers to Beogh against you.
Beogh smites you!
You barely miss the orc priest.
The orc priest invokes the aid of Beogh against you.
Beogh smites you!
* * * LOW HITPOINT WARNING * * *
The orc priest barely misses you.
A hobgoblin comes into view.
Robin of the Strong Arm comes into view.
She is wielding a +0 spear.
You block the orc priest's attack.
You hear a shout! x2
The orc priest calls down the wrath of Beogh upon you.
Beogh smites you!
* * * LOW HITPOINT WARNING * * *
There is a stone staircase leading up here.
It was a potion of agility.
You feel agile all of a sudden.
The orc priest hits you with a +0 short sword.
You die...

#.......##
#........
#.......#
#......$##
#........ #.
.... #
#)##.##.##.#
#..)........
####@##.##.#
#o#
#.........
#..o.....#.
##oo.#.#...
......# ##
###o####


gg? ... You could see Robin, 3 orc priests, 2 orcs and a hobgoblin.

Vanquished Creatures
  4 orc priests
  A worker ant (D:3)
  An orc wizard (D:3)
  Terence (D:3)
  2 worms
  4 dart slugs
  3 leopard geckos
  7 orcs
  A ball python (D:1)
  3 goblins (D:1)
  6 hobgoblins
  6 jackals
  8 bats
  3 frilled lizards (D:1)
  2 giant cockroaches (D:1)
  9 kobolds
  3 rats
64 creatures vanquished.

Notes
Turn   | Place    | Note
-------+----------+-------------------------------------------
     0 | D:1      | Amelense the Ent Fighter began the quest for the Orb.
     0 | D:1      | Reached XP level 1. HP: 25/25 MP: 1/1
    18 | D:1      | Reached skill level 3 in Maces & Flails
    61 | D:1      | Reached XP level 2. HP: 33/33 MP: 2/2
   422 | D:1      | Reached skill level 4 in Maces & Flails
   745 | D:1      | Reached XP level 3. HP: 34/40 MP: 3/3
  1529 | D:2      | Reached skill level 5 in Maces & Flails
  1903 | D:3      | Found a bloodstained altar of Trog.
  2032 | D:3      | Reached XP level 4. HP: 21/49 MP: 4/4
  2157 | D:3      | Noticed Terence
  2163 | D:3      | Killed Terence
  2164 | D:3      | Reached skill level 6 in Maces & Flails
  2313 | D:3      | Reached XP level 5. HP: 10/57 MP: 5/5
  2519 | D:3      | Reached skill level 7 in Maces & Flails
  2837 | D:4      | Reached XP level 6. HP: 36/65 MP: 6/6
  2884 | D:4      | Noticed Robin
  2885 | D:4      | HP: 1/65 [orc priest/divine providence (11)]
  2886 | D:4      | Slain by an orc priest

Skill      XL: |  1  2  3  4  5 |
---------------+----------------+-----
Maces & Flails | 3 4 5 6 7 |  7.9
Fighting       | |  3.2
Dodging        | |  2.6
Shields        | |  2.4

Action                   |  1- 3 |  4- 6 || total
-------------------------+-------+-------++-------
Melee: Flail             |   175 |    59 ||   234
  Use: Scroll            |     2 |       ||     2
       Potion            |       |     2 ||     2
 Stab: Sleeping          |     1 |       ||     1
  Eat: Chunk             |     9 |     3 ||    12
Armor: Skin              |   155 |    31 ||   186
Dodge: Dodged            |    83 |    21 ||   104
Block: Medium shield     |   132 |    34 ||   166
